AoeStats
← WakoTabacco

Hideout

508180810Analyzed
1v1 RM · 10d ago on Sep 21, 2026· 19m 25s· 2 players
Game mode
Random Map
Map size
Tiny (2 player)
Population
200
Speed
Normal
Resources
Standard
Victory
Conquest
Starting age
Dark Age
Ending age
Imperial Age
RankedLock teamsTeams togetherTeam positionsShared explorationLock speedFull tech treeHidden civsTurbo modeCheats
Victory
Defeat
🇫🇷 Khmer · France
1878
+13
🇦🇺 Cumans · Australia
1808
-13
WakoTabacco
8:32 Feudal Age
9:02 Double-Bit Axe
11:09 Horse Collar
13:59 Loom
17:21 Fletching
19:32 Castle Age
scorpion145
10:36 Feudal Age
13:17 Castle Age
11:10 Double-Bit Axe
11:44 Horse Collar
Connection lost

Rejoining the realm…

Still unreachable

The connection could not be restored.

Session expired

The server has moved on; the page needs a fresh start.